 Dungeon Crawl Stone Soup version 0.29-a0-243-g602b31c20e (webtiles) character file.

Game seed: 12140468485070690951

11 spaghetti the Skirmisher (level 2, 28/28 HPs)
             Began as a Deep Dwarf Chaos Knight on Mar 4, 2022.
             Was a Plaything of Xom.
             Quit the game on level 1 of the Dungeon.
             The game lasted 00:00:51 (469 turns).

spaghetti the Skirmisher (Deep Dwarf Chaos Knight)   Turns: 469, Time: 00:00:52

Health: 28/28      AC:  5    Str: 15    XL:     2   Next: 13%
Magic:  1/1        EV: 11    Int: 12    God:    Xom [..*...]
Gold:   27         SH:  0    Dex: 12    Spells: 1/1 levels left

rFire   . . .      SeeInvis .   a - +0 hand axe (chaos) {axe}
rCold   . . .      Faith    .   (no shield)
rNeg    . . .      Spirit   .   b - +2 leather armour
rPois   .          Reflect  .   (no helmet)
rElec   .          Harm     .   (no cloak)
rCorr   .          Rampage  .   (no gloves)
Will    .....                   (no boots)
Stlth   +.........              (no amulet)
HPRegen 0.00/turn               (no ring)
MPRegen 0.07/turn               (no ring)

@: no status effects
A: damage resistance, heal wounds, sense surroundings 1, no regeneration
a: Heal Wounds, Renounce Religion


You were on level 1 of the Dungeon.
You worshipped Xom.
You were a toy of Xom.
You visited 1 branch of the dungeon, and saw 1 of its levels.

You collected 27 gold pieces.


Innate Abilities, Weirdness & Mutations

You are resistant to damage.
You can heal yourself by infusing magical energy.
You passively map a small area around you.
You do not regenerate.


   Skills:
 + Level 3.3 Fighting
 - Level 3.2 Axes
 - Level 2.1 Armour
 - Level 1.1 Dodging


You had one spell level left.
You didn't know any spells.
Your spell library was empty.

Inventory:

Hand Weapons
 a - a +0 hand axe of chaos (weapon) {axe}
Missiles
 c - 68 stones {throwing}
Armour
 b - a +2 leather armour (worn)
Potions
 d - a potion of attraction {unknown}

Dungeon Overview and Level Annotations

Branches:
Dungeon (1/15)

Altars:

* , ,.# .. .r
* #.#* .#
#.#* .# * **
#.#* .# * *
#.# .#
#.###.# *
#...@.# * *
,,
####...#.####
, ,
+............
####.....####
,, * #..####
, * #.## * ,
#.# *#+# #.#
,* * #.# #.#
*


You could see a rat (asleep).


Message History

You are too injured to fight recklessly!
The rat closely misses you.
You hit the rat. The rat closely misses you.
You hit the rat. You freeze the rat.
You kill the rat!
Your Fighting skill increases to level 3!
You now have 21 max hp (+1).
You see here a rat corpse.
A ball python comes into view.
The ball python hisses angrily.
The ball python bites you but does no damage.
The ball python grabs you. The ball python constricts you.
You closely miss the ball python. The ball python bites you.
The ball python constricts you. 😮 HP[-1]
You take 1 damage, and now have 14/21 hp.
You hit the ball python.
You kill the ball python!
You see here a ball python corpse.
You open the door.
Found a stone staircase leading down.
A ball python comes into view.
There is an open door here.
A ball python is nearby!
A jackal comes into view.
You hit the ball python but do no damage.
The ball python completely misses you. The ball python grabs you.
The ball python constricts you.
You hit the ball python.
The ball python seems to slow down.
The ball python bites you but does no damage.
The ball python constricts you.
You barely miss the ball python. You hit the jackal.
The ball python is no longer moving slowly.
The jackal bites you.
The ball python bites you but does no damage.
The ball python constricts you.
You barely miss the jackal.
You hit the ball python but do no damage.
The ball python is poisoned.
The jackal completely misses you. The ball python bites you.
The ball python constricts you. The jackal bites you. 😮 HP[-1]
You take 1 damage, and now have 13/21 hp.
You hit the ball python.
The ball python seems to grow stronger.
You closely miss the jackal. The jackal closely misses you.
The ball python bites you. The ball python constricts you.
The jackal bites you but does no damage.
You hit the jackal but do no damage.
You hit the ball python but do no damage.
You kill the ball python!
The jackal barely misses you.
You miss the jackal. The jackal closely misses you. x2
You completely miss the jackal. The jackal misses you.
You closely miss the jackal.
The jackal bites you but does no damage. x2
You hit the jackal. You freeze the jackal.
You kill the jackal!
You have reached level 2! 😮 HP[+5] MP[+1]
You now have 28 max hp (+7).
You regained 5 hp, and now have 18/28 hp.
Your mp is fully restored (2).
Unknown command.
A jackal comes into view.
There is a stone staircase leading down here.
You see here a jackal corpse.
A jackal is nearby!
A jackal is nearby!
You are too injured to fight recklessly!
You hit the jackal. You freeze the jackal.
You kill the jackal!
An endoplasm comes into view.
The endoplasm quivers.
You see here 21 stones {throwing}.
An endoplasm is nearby!
An endoplasm is nearby!
c - 21 stones {throwing} You see here 25 stones {throwing}.
c - 46 stones {throwing} (gained 25)
You hit the endoplasm but do no damage. The endoplasm barely misses you.
You hit the endoplasm. You drain the endoplasm.
You kill the endoplasm!
Key pressed, stopping explore.
There is an open door here.
You open the door.
There is an open door here.
c - 68 stones {throwing} (gained 22)
You now have 27 gold pieces (gained 14).
d - a viscous inky potion A rat comes into view.
A rat is nearby!
Activating: Heal Wounds (30% risk of failure)
Press: ? - help, Q - select action, (/) - cycle Dir - look around, f - activate Your magical essence is drained by the effort!
You feel much better. 😎 HP[+10] MP[-1]
Your hp is fully restored (28).
Are you sure you want to abandon this character and quit the game? (Confirm with "yes".)

Skill      XL: |  1 |
---------------+----+-----
Fighting       | 3 |  3.3
Axes           | |  3.2
Armour         | |  2.1
Dodging        | |  1.1

Action                   || total
-------------------------++-------
Melee: Hand axe          ||    34
 Abil: Heal Wounds       ||     1
Armor: Leather armour    ||    15
Dodge: Dodged            ||    14

Levels and vault maps discovered:
D:1:      roderic_dead_forest, layout_loops_corners, kennysheep_pointless_box,
          ebering_dispersal_statue_hall, serial_bayou_pond_b,
          grunt_decor_one_mirror

Notes
Turn   | Place    | Note
-------+----------+-------------------------------------------
     0 | D:1      | spaghetti the Deep Dwarf Chaos Knight began the quest for
                  | the Orb.
     0 | D:1      | Reached XP level 1. HP: 20/20 MP: 1/1
     0 | D:1      | magus.rc [v1.9.6]
   151 | D:1      | XOM: silly message
   254 | D:1      | Reached skill level 3 in Fighting
   304 | D:1      | Reached XP level 2. HP: 18/28 MP: 2/2
   469 | D:1      | Quit the game

Vanquished Creatures
  3 ball pythons (D:1)
  An endoplasm (D:1)
  A hobgoblin (D:1)
  2 jackals (D:1)
  2 rats (D:1)
9 creatures vanquished.

Table legend:
 A = Non-vault XP
 B = Vault XP
 C = Vault XP percentage of total XP
 D = Non-vault monster count
 E = Vault monster count
 F = Vault count percentage of total count
                 A         B        C        D         E       F
            +---------+---------+-------+---------+---------+-------
      Total |      16 |       0 |   0.0 |       9 |       0 |   0.0
            +---------+---------+-------+---------+---------+-------
        D:1 |      16 |       0 |   0.0 |       9 |       0 |   0.0
            +---------+---------+-------+---------+---------+-------

Illustrated notes

Table legend:
 A = Kills in this place as a percentage of kills in entire the game.
 B = Kills by you in this place as a percentage of kills by you in the entire game.
 C = Kills by friends in this place as a percentage of kills by friends in the entire game.
 D = Other kills in this place as a percentage of other kills in the entire game.
 E = Experience gained in this place as a percentage of experience gained in the entire game.
 F = Experience gained in this place divided by the number of levels of this place that you have seen.
                   A       B       C       D       E      F
               +-------+-------+-------+-------+-------+----------------------
         Total | 100.0 | 100.0 |   N/A |   N/A | 100.0 |  16.0
       Dungeon | 100.0 | 100.0 |   N/A |   N/A | 100.0 |  16.0
               +-------+-------+-------+-------+-------+----------------------

Table legend: (Time is in decaauts)
 A = Elapsed time spent in this place.
 B = Non-inter-level travel time spent in this place.
 C = Inter-level travel time spent in this place.
 D = Time resting spent in this place.
 E = Time spent auto-exploring this place.
 F = Levels seen in this place.
 G = Mean time per level.
                   A        B        C        D        E       F      G
               +--------+--------+--------+--------+--------+-----+--------+
         Total |    473 |    473 |      0 |    100 |    300 |   1 |  473.0 |
       Dungeon |    473 |    473 |      0 |    100 |    300 |   1 |  473.0 |
               +--------+--------+--------+--------+--------+-----+--------+

Top non-repeatable levels by time:
     D:1: 473 daAuts
